 Dungeon Sprint DCSS version bcrawl-1.15.1 (webtiles) character file.

Game seed: 3016792593964108477

4242 Chiseanne the Prestidigitator (level 10, -10/79 HPs)
             Began as a Demonspawn Archaeologist on Oct 1, 2019.
             Was an Initiate of Gozag.
             Killed by the raging water
             ... invoked by a water nymph
              (22 damage)
             ... in the Dungeon (Sprint I: "Red Sonja").
             The game lasted 00:09:04 (1596 turns).

Chiseanne the Prestidigitator (DsAc)                Turns: 1596, Time: 00:09:04

Health: -10/79     AC: 12    Str: 12    XL:     10   Next: 9%
Magic:  16/16      EV: 17    Int: 16    God:    Gozag
Gold:   137        SH:  0    Dex: 12    Spells: 9/9 levels left

rFire    + . .     SeeInvis .   s - +0 dagger (venom)
rCold    + . .     Gourm    .   (no shield)
rNeg     . . .     Faith    .   p - +2 leather armour {rC+}
rPois    .         Spirit   .   c - +1 hat
rElec    +         Reflect  .   (no cloak)
rCorr    +         Harm     .   (no gloves)
MR       .....     Rnd*Rage +   f - +1 pair of boots Stlth ++........NoTele +
                                (no amulet)
HPRegen  0.00/turn              i - ring "Saewo" {+Blink +Inv rElec Slay+3}
MPRegen  0.15/turn              j - ring of protection from fire

@: very slow
A: hooves 2, yellow scales 3, [berserk 3], [blurry vision 3], [clumsy 1], [frail
1], [low mp 2], nightstalker 1, powered by death 1, [screaming 2], [inhibited
regeneration], [no potion heal 1]
a: Potion Petition, Call Merchant, Bribe Branch, Renounce Religion, Evoke Blink,
Evoke Invisibility


You were in the Dungeon.
You worshipped Gozag.
Gozag was aware of your devotion.
You were not hungry.

You visited 1 branch You collected 1368 gold pieces.
You spent 1231 gold pieces at shops.

Inventory:

Hand Weapons
 a - a +2 scythe of protection
 d - the +9 staff of Wucad Mu {channel}
 s - a +0 dagger of venom (weapon)
 w - a +0 hunting sling
Missiles
 b - 15 curare-tipped needles
 h - 314 sling bullets
Armour
 c - a +1 hat (worn)
 f - a +1 pair of boots (worn)
 p - a +2 leather armour of cold resistance (worn)
Jewellery
 i - the ring "Saewo" (left hand) {+Blink +Inv rElec Slay+3}
   (You bought it in a shop in the Dungeon)

   [ring of insulation]

   It affects your accuracy and damage with ranged weapons and melee attacks
   (+3).
   It insulates you from electricity.
   It lets you turn invisible.
   It lets you blink.
 j - a ring of protection from fire (right hand)
Wands
 l - a wand of polymorph (9)
Scrolls
 m - a scroll of blinking
Potions
 e - 2 potions of curing
 k - 2 potions of magic
Comestibles
 g - 3 rations {!d}


   Skills:
 * Level 11.6 Fighting
   Level 0.8 Maces & Flails
 * Level 10.1 Polearms
 * Level 11.0 Dodging
 - Level 3.0 Stealth
 - Level 13.8 Evocations


You had 9 spell levels left.
You didn't know any spells.
Your spell library contained the following spells:

 Spells                   Type           Power        Failure   Level  Hunger
 Corona                   Hex            #......      32%         1    ##.....
 Ensorcelled Hibernation  Hex/Ice        #.....       43%         2    ###....
 Confuse                  Hex            #.......     67%         3    ####...
 Dazzling Spray           Conj/Hex       #.....       67%         3    ####...
 Tukima's Dance           Hex            #.......     67%         3    ####...


Dungeon Overview and Level Annotations

Branches:
Dungeon (1/1)

Altars:
Cheibriados
Dithmenos
Elyvilon
Fedhas
Gozag
Hepliaklqana
Kikubaaqudgha
Lugonu
Makhleb
Nemelex Xobeh
Okawaru
Qazlal
Ru
Sif Muna
Trog
Uskayaw
Vehumet
Wu Jian
Xom
Yredelemnul
Zin
The Shining One
Jiyva

Shops:
D %:==:=


Innate Abilities, Weirdness & Mutations

You have hoof-like feet.
You are completely covered in yellow scales. (AC +4, rCorr)
You are slightly more attuned to the shadows.
You regenerate a little health from kills.
[You have an uncontrollable temper.]
[Scrolls take you much longer to read.]
[You are clumsy. (Dex -2)]
[You are frail. (-10% HP)]
[Your magical capacity is very low. (-20% MP)]
[You sometimes yell uncontrollably at your foes.]
[You do not regenerate when monsters are visible.]
[Potions are less effective at restoring your health.]


Message History

Moving in this stuff is going to be slow.
The water nymph flows with the water.
Splash!
You fall into the shallow water.
Moving in this stuff is going to be slow.
The water nymph's watery aura covers the open door.
Splash!
You fall into the shallow water.
Moving in this stuff is going to be slow.
Really read with blurry vision while enemies are nearby?
Okay, then.
Really read with blurry vision while enemies are nearby? [Y]es or [N]o only, please.
Really read with blurry vision while enemies are nearby? [Y]es or [N]o only, please.
Really read with blurry vision while enemies are nearby?
The water nymph gestures at you while chanting.
The water swirls and strikes you!
You die...
Your body crumbles into a pile of gold.

#..#####'#####'#__#
#..####..#...#.####$
#..#__####..##[# $$
#..#_____##'#_.+
#⌠⌠#_.∩"..'..._# $$
####_..__##_.#'#
$$#_____###'#.# $
############≈####+###
$
#∩........@m≈≈≈$$.$$+
###''''####.).#######
$ #.......####.###
#........#.#'#.# $
#..#.....#.....#
#........#...[.#
#.....#..#######
#........# #..#.....#


You could see a water nymph.

Vanquished Creatures
  8 shining eyes (D)
  A slime creature (D)
  Sigmund (D)
  A yak (D)
  A fire bat (D)
  4 floating eyes (D)
  A sky beast (D)
  A jelly (D)
  Ijyb (D)
  A ballistomycete (D)
20 creatures vanquished.

Vanquished Creatures (others)
  A gargoyle (D)
  2 ballistomycete spores (D)
3 creatures vanquished.

Grand Total: 23 creatures vanquished

Notes
Turn   | Place    | Note
-------+----------+-------------------------------------------
     0 | D        | Chiseanne the Demonspawn Archaeologist began the quest for
                  | the Orb.
     0 | D        | Reached XP level 1. HP: 15/15 MP: 1/1
     1 | D        | Noticed Ijyb
    18 | D        | Killed Ijyb
    18 | D        | Gained mutation: You are partially covered in yellow
                  | scales. (AC +2) [demonic ancestry]
    18 | D        | Reached XP level 2. HP: 10/25 MP: 2/2
   142 | D        | Noticed an ogre
   143 | D        | Noticed a fire bat
   143 | D        | an ogre changed into a fire bat
   234 | D        | Killed a fire bat
   234 | D        | Reached skill level 8 in Evocations
   234 | D        | Gained mutation: You have large cloven feet. [demonic
                  | ancestry]
   234 | D        | Reached XP level 3. HP: 10/30 MP: 2/8
   234 | D        | Gained mutation: You have hoof-like feet. [demonic
                  | ancestry]
   234 | D        | Reached XP level 4. HP: 13/37 MP: 2/10
   234 | D        | Gained mutation: You regenerate a little health from kills.
                  | [demonic ancestry]
   234 | D        | Reached XP level 5. HP: 14/42 MP: 2/11
   418 | D        | Noticed Sigmund
   461 | D        | Killed Sigmund
   461 | D        | Reached skill level 12 in Evocations
   461 | D        | Reached XP level 6. HP: 34/48 MP: 12/15
   556 | D        | Found an ornate altar of the Wu Jian Council.
   556 | D        | Found a shimmering blue altar of Sif Muna.
   559 | D        | Found a radiant altar of Vehumet.
   587 | D        | Found Qumoarhe's Jewellery Emporium.
   587 | D        | Found an ancient bone altar of Kikubaaqudgha.
   587 | D        | Found a hazy altar of Hepliaklqana.
   587 | D        | Found a hide-covered altar of Uskayaw.
   587 | D        | Found a basalt altar of Yredelemnul.
   587 | D        | Found an opulent altar of Gozag.
   587 | D        | Found a snail-covered altar of Cheibriados.
   587 | D        | Found a sacrificial altar of Ru.
   587 | D        | Found a shadowy altar of Dithmenos.
   587 | D        | Noticed a yak
   588 | D        | Found a stormy altar of Qazlal.
   588 | D        | Found a blossoming altar of Fedhas.
   588 | D        | Found a bloodstained altar of Trog.
   588 | D        | Found an iron altar of Okawaru.
   588 | D        | Found a glowing golden altar of the Shining One.
   588 | D        | Found a glowing silver altar of Zin.
   588 | D        | Found a white marble altar of Elyvilon.
   599 | D        | Killed a yak
   599 | D        | Reached skill level 13 in Evocations
   600 | D        | Found a sparkling altar of Nemelex Xobeh.
   606 | D        | Became a worshipper of Gozag Ym Sagoz the Greedy
   609 | D        | Bought a cursed ring of attention for 58 gold pieces
   609 | D        | Bought a cursed -2 ring of dexterity for 26 gold pieces
   609 | D        | Bought a cursed amulet of inaccuracy for 26 gold pieces
   667 | D        | Killed a gargoyle
   675 | D        | Noticed Sonja
   676 | D        | Noticed Sonja
   676 | D        | Sonja changed into Sonja the sky beast
   702 | D        | Killed Sonja the sky beast
   702 | D        | Reached skill level 1 in Polearms
   702 | D        | Reached skill level 5 in Dodging
   702 | D        | Reached XP level 7. HP: 40/55 MP: 17/17
   756 | D        | Found a burning altar of Makhleb.
   756 | D        | Found a viscous altar of Jiyva.
   756 | D        | Found a shimmering altar of Xom.
   756 | D        | Found a corrupted altar of Lugonu.
   756 | D        | Noticed a slime creature
   769 | D        | HP: 2/55 [slime creature (17)]
   774 | D        | Killed a slime creature
  1265 | D        | Found Punuul's Food Boutique.
  1273 | D        | Bought a ration for 50 gold pieces
  1273 | D        | Bought a ration for 50 gold pieces
  1279 | D        | Noticed a shining eye
  1279 | D        | Noticed a shining eye
  1279 | D        | Noticed a shining eye
  1280 | D        | Noticed a shining eye
  1280 | D        | Noticed a shining eye
  1280 | D        | Noticed a shining eye
  1282 | D        | Paralysed by a floating eye for 4 turns
  1291 | D        | Paralysed by a floating eye for 4 turns
  1314 | D        | Killed a shining eye
  1314 | D        | Reached skill level 5 in Polearms
  1314 | D        | Gained mutation: You are slightly more attuned to the
                  | shadows. [demonic ancestry]
  1314 | D        | Reached XP level 8. HP: 61/61 MP: 12/12
  1322 | D        | Killed a shining eye
  1330 | D        | Paralysed by a floating eye for 4 turns
  1338 | D        | Killed a shining eye
  1338 | D        | Gained mutation: You are mostly covered in yellow scales.
                  | (AC +3) [demonic ancestry]
  1338 | D        | Reached XP level 9. HP: 53/69 MP: 12/17
  1339 | D        | Paralysed by a floating eye for 4 turns
  1344 | D        | Paralysed by a floating eye for 4 turns
  1350 | D        | Killed a shining eye
  1350 | D        | Reached skill level 10 in Fighting
  1354 | D        | Paralysed by a floating eye for 3 turns
  1367 | D        | Paralysed by a floating eye for 2 turns
  1369 | D        | Killed a shining eye
  1369 | D        | Reached skill level 10 in Dodging
  1422 | D        | Noticed a shining eye
  1422 | D        | Noticed a shining eye
  1424 | D        | Paralysed by a floating eye for 4 turns
  1444 | D        | Killed a shining eye
  1465 | D        | Killed a shining eye
  1471 | D        | Killed a shining eye
  1471 | D        | Reached skill level 10 in Polearms
  1471 | D        | Gained mutation: You are completely covered in yellow
                  | scales. (AC +4, rCorr) [demonic ancestry]
  1471 | D        | Reached XP level 10. HP: 62/79 MP: 13/16
  1525 | D        | Found Puluxodd's Book Shop.
  1525 | D        | Found Ecrev's Book Shoppe.
  1525 | D        | Found Ceaffeag's Jewellery Boutique.
  1525 | D        | Found Maov Jao's Jewellery Emporium.
  1530 | D        | Bought the ring "Saewo" {+Blink +Inv rElec Slay+3} for 696
                  | gold pieces
  1545 | D        | Bought an uncursed ring of protection from fire for 325
                  | gold pieces
  1580 | D        | Noticed a deep troll
  1582 | D        | Noticed a water nymph
  1582 | D        | a deep troll changed into a water nymph
  1596 | D        | Killed from afar by a water nymph

Skill      XL: |  1  2  3  4  5  6  7  8  9 |
---------------+----------------------------+-----
Fighting       | 4 7 9 11 | 11.6
Dodging        | 4 5 7 9 11 | 11.0
Evocations     | 8 12 13 | 13.8
Polearms       | 1 5 7 10 | 10.1
Maces & Flails | |  0.8
Stealth        | |  3.0

Action                   |  1- 3 |  4- 6 |  7- 9 | 10-12 || total
-------------------------+-------+-------+-------+-------++-------
Melee: Whip              |     7 |       |       |       ||     7
       Unarmed           |     7 |       |       |       ||     7
       Dagger            |     7 |    21 |   111 |     9 ||   148
       Scythe            |       |    12 |    13 |       ||    25
Evoke: Wand              |     1 |     1 |       |     1 ||     3
  Use: Potion            |     2 |     2 |     1 |       ||     5
 Stab: Sleeping          |       |     2 |       |       ||     2
  Eat: Ration            |       |       |     1 |       ||     1
Armor: Robe              |     3 |       |       |       ||     3
       Leather armour    |     7 |     9 |     8 |     2 ||    26
Dodge: Dodged            |     8 |    17 |     6 |     3 ||    34
